XFBL
MILWAUKEE BREWERS @ OAKLAND ATHLETICS
08/19/1982
 
TOP OF THE 1ST
Milwaukee Brewers batting - Pitching for Oakland Athletics : RHP Mitch Byrnes
Pitching: RHP Mitch Byrnes
Batting: RHB Steve Sax 0-0: Ball
1-0: Foul Ball, location: 2F
1-1: Ball
2-1: Ball
3-1: Foul Ball, location: 2F
3-2: Ground out 6-3 (Groundball, 6, EV 88.1 MPH)
Batting: LHB Von Hayes 0-0: Ball
1-0: Ball
2-0: Ball
3-0: Called Strike
3-1: Base on Balls
Batting: RHB Eric Davis 0-0: Called Strike
0-1: Ball
1-1: Ball
Von Hayes steals 2nd base
2-1: Reached on error, E6 (Groundball, 6, EV 86.9 MPH)
Von Hayes to third
Batting: SHB Eddie Murray 0-0: Ball
1-0: Fly out, F4 (Popup, 34D, EV 70.6 MPH)
Batting: LHB Denny Walling 0-0: Swinging Strike
0-1: Ball
1-1: Ball
2-1: Swinging Strike
2-2: Foul Ball, location: 2F
2-2: Ball
3-2: Base on Balls
Eric Davis to second
Batting: RHB Mike Schmidt 0-0: Ball
1-0: Called Strike
1-1: Ball
2-1: Ball
3-1: SINGLE (Flyball, 8RS, EV 90.0 MPH)
Von Hayes scores
Eric Davis to third
Denny Walling to second
Runner from 3rd tries for Home, SAFE, throw by CF to home
Batting: RHB Kevin Buckley 0-0: Called Strike
0-1: Hit by Pitch
Denny Walling to third
Mike Schmidt to second
Batting: RHB Ken Landreaux 0-0: Swinging Strike
0-1: Ball
1-1: Called Strike
1-2: Ball
2-2: Foul Ball, location: 2F
2-2: Foul Ball, location: 2F
2-2: Ground out U3 (Groundball, 34, EV 105.0 MPH)
Top of the 1st over - 2 runs, 1 hit, 1 error, 3 left on base; Milwaukee 2 - Oakland 0
BOTTOM OF THE 1ST
Oakland Athletics batting - Pitching for Milwaukee Brewers : LHP Atlee Hammaker
Pitching: LHP Atlee Hammaker
Batting: RHB Willie Randolph 0-0: Ball
1-0: Bunted foul
1-1: Ball
2-1: Foul Ball, location: 2F
2-2: Foul Ball, location: 2F
2-2: Foul Ball, location: 2F
2-2: Foul Ball, location: 2F
2-2: Foul Ball, location: 2F
2-2: Ball
3-2: Foul Ball, location: 2F
3-2: Foul Ball, location: 2F
3-2: Fly out, F8 (Flyball, 78M, EV 96.9 MPH)
Batting: RHB Toby Harrah 0-0: Foul Ball, location: 2F
0-1: Ball
1-1: Foul Ball, location: 2F
1-2: Ball
2-2: Fly out, F9 (Flyball, 9, EV 90.6 MPH)
Batting: RHB Scott Fletcher 0-0: Ball
1-0: Ball
2-0: Called Strike
2-1: Called Strike
2-2: Foul Ball, location: 2F
2-2: Foul Ball, location: 2F
2-2: Ground out 5-3 (Groundball, 56S, EV 69.4 MPH)
Bottom of the 1st over - 0 runs, 0 hits, 0 errors, 0 left on base; Milwaukee 2 - Oakland 0
TOP OF THE 2ND
Milwaukee Brewers batting - Pitching for Oakland Athletics : RHP Mitch Byrnes
Batting: SHB Alfredo Griffin 0-0: Ball
1-0: Ball
2-0: Called Strike
2-1: Foul Ball, location: 2F
2-2: Foul Ball, location: 2F
2-2: Foul Ball, location: 2F
2-2: SINGLE (Groundball, 56D, EV 94.4 MPH)
Batting: RHB Steve Sax 0-0: Hit by Pitch
Alfredo Griffin to second
Batting: LHB Von Hayes 0-0: Ball
1-0: Ball
2-0: Ball
3-0: Called Strike
3-1: Called Strike
3-2: Strikes out swinging
Batting: RHB Eric Davis 0-0: Called Strike
Alfredo Griffin steals 3rd base
Steve Sax to second
0-1: Ball
1-1: Ball
2-1: Ball
3-1: Base on Balls
Batting: SHB Eddie Murray 0-0: Ball
1-0: Ground out 4-3 (Groundball, 34D, EV 83.8 MPH)
Alfredo Griffin scores
Steve Sax to third
Eric Davis to second
Batting: LHB Denny Walling 0-0: Called Strike
0-1: Ball
1-1: Ground out U3 (Groundball, 3, EV 96.9 MPH)
Top of the 2nd over - 1 run, 1 hit, 0 errors, 2 left on base; Milwaukee 3 - Oakland 0
BOTTOM OF THE 2ND
Oakland Athletics batting - Pitching for Milwaukee Brewers : LHP Atlee Hammaker
Batting: RHB Dave Henderson 0-0: Called Strike
0-1: Called Strike
0-2: Ball
1-2: Foul Ball, location: 2F
1-2: Ground out 6-3 (Groundball, 6MD, EV 103.8 MPH)
Batting: LHB Ben Oglivie 0-0: Called Strike
0-1: Ball
1-1: Fly out, F5 (Popup, 5SF, EV 78.1 MPH)
Batting: LHB Reggie Jackson 0-0: Ground out 4-3 (Groundball, 4S, EV 82.5 MPH)
Bottom of the 2nd over - 0 runs, 0 hits, 0 errors, 0 left on base; Milwaukee 3 - Oakland 0
TOP OF THE 3RD
Milwaukee Brewers batting - Pitching for Oakland Athletics : RHP Mitch Byrnes
Batting: RHB Mike Schmidt 0-0: Ball
1-0: Foul Ball, location: 2F
1-1: Ball
2-1: Foul Ball, location: 2F
2-2: Foul Ball, location: 2F
2-2: Foul Ball, location: 2F
2-2: Foul Ball, location: 2F
2-2: Foul Ball, location: 2F
2-2: Ball
3-2: Ground out 6-3 (Groundball, 6, EV 82.5 MPH)
Batting: RHB Kevin Buckley 0-0: SINGLE (Groundball, 6D, EV 93.8 MPH)
Batting: RHB Ken Landreaux 0-0: SINGLE (Groundball, 6MS, EV 65.0 MPH) (infield hit)
Kevin Buckley to second
Batting: SHB Alfredo Griffin 0-0: Called Strike
0-1: Ball
1-1: Foul Ball, location: 2F
1-2: SINGLE (Groundball, 3D, EV 98.8 MPH)
Kevin Buckley to third
Ken Landreaux to second
Runner from 3rd tries for Home, SAFE, throw by RF to home
Batting: RHB Steve Sax 0-0: Ball
1-0: SINGLE (Line Drive, 7S, EV 105.0 MPH)
Ken Landreaux to third
Alfredo Griffin to second
Runner from 3rd tries for Home, SAFE, throw by LF to home
Batting: LHB Von Hayes 0-0: Ball
1-0: Swinging Strike
1-1: SINGLE (Line Drive, 56, EV 95.6 MPH)
Alfredo Griffin to third
Steve Sax to second
Runner from 3rd tries for Home, throw by LF and OUT! 7-2
Batting: RHB Eric Davis 0-0: Ball
1-0: Foul Ball, location: 2F
1-1: Fielders Choice at 2nd, 5-4 (Groundball, 56, EV 84.4 MPH)
Top of the 3rd over - 2 runs, 5 hits, 0 errors, 2 left on base; Milwaukee 5 - Oakland 0
BOTTOM OF THE 3RD
Oakland Athletics batting - Pitching for Milwaukee Brewers : LHP Atlee Hammaker
Batting: LHB Ruppert Jones 0-0: Ball
1-0: Foul Ball, location: 2F
1-1: Foul Ball, location: 2F
1-2: Ball
2-2: Strikes out looking
Batting: RHB George Hendrick 0-0: Swinging Strike
0-1: Fly out, F5 (Popup, 5SF, EV 64.4 MPH)
Batting: RHB Barry Foote 0-0: Called Strike
0-1: Ball
1-1: Foul Ball, location: 2F
1-2: Ball
2-2: Ground out 2-3 (Groundball, 15S, EV 69.4 MPH)
Bottom of the 3rd over - 0 runs, 0 hits, 0 errors, 0 left on base; Milwaukee 5 - Oakland 0
TOP OF THE 4TH
Milwaukee Brewers batting - Pitching for Oakland Athletics : RHP Mitch Byrnes
Batting: SHB Eddie Murray 0-0: Called Strike
0-1: Ball
1-1: SINGLE (Groundball, 6D, EV 100.6 MPH)
Batting: LHB Denny Walling 0-0: Ball
1-0: Called Strike
1-1: Ball
2-1: Called Strike
2-2: Ball
3-2: Fly out, F4 (Flyball, 34D, EV 80.6 MPH)
Batting: RHB Mike Schmidt Pickoff Throw to First - Error! E1
Eddie Murray to second
0-0: Called Strike
0-1: Fly out, F9 (Line Drive, 89M, EV 90.6 MPH)
Batting: RHB Kevin Buckley 0-0: Foul Ball, location: 2F
0-1: Ball
1-1: Swinging Strike
1-2: Ball
2-2: Foul Ball, location: 2F
2-2: Fly out, F9 (Line Drive, 9, EV 85.6 MPH)
Top of the 4th over - 0 runs, 1 hit, 1 error, 1 left on base; Milwaukee 5 - Oakland 0
BOTTOM OF THE 4TH
Oakland Athletics batting - Pitching for Milwaukee Brewers : LHP Atlee Hammaker
Batting: RHB Willie Randolph 0-0: Ball
1-0: SINGLE (Groundball, 56, EV 81.3 MPH) (infield hit)
Batting: RHB Toby Harrah 0-0: Ball
1-0: Called Strike
1-1: Called Strike
1-2: Ball
2-2: Foul Ball, location: 2F
2-2: Strikes out swinging
Batting: RHB Scott Fletcher 0-0: Called Strike
0-1: Ball
1-1: Fielders Choice at 2nd, 6-4 (Groundball, 6, EV 96.3 MPH)
Batting: RHB Dave Henderson 0-0: Ball
1-0: Called Strike
1-1: Swinging Strike
1-2: Hit by Pitch
Scott Fletcher to second
Batting: LHB Ben Oglivie 0-0: Ball
1-0: Fielders Choice at 2nd, 5-4 (Groundball, 56, EV 76.3 MPH)
Bottom of the 4th over - 0 runs, 1 hit, 0 errors, 2 left on base; Milwaukee 5 - Oakland 0
TOP OF THE 5TH
Milwaukee Brewers batting - Pitching for Oakland Athletics : RHP Mitch Byrnes
Batting: RHB Ken Landreaux 0-0: Called Strike
0-1: Swinging Strike
0-2: Ground out 5-3 (Groundball, 5, EV 103.1 MPH)
Batting: SHB Alfredo Griffin 0-0: Ball
1-0: Ball
2-0: Foul Ball, location: 2F
2-1: Called Strike
2-2: Ball
3-2: Foul Ball, location: 2F
3-2: Foul Ball, location: 2F
3-2: Strikes out swinging
Batting: RHB Steve Sax 0-0: SINGLE (Line Drive, 34, EV 95.0 MPH)
Batting: LHB Von Hayes 0-0: SINGLE (Line Drive, 8LS, EV 108.1 MPH)
Steve Sax to second
Runner from 2nd tries for 3rd, SAFE, throw by CF made to third
Pitching: LHP Gerald Tyler
Batting: RHB Eric Davis 0-0: Ball
1-0: Ball
2-0: Called Strike
2-1: Foul Ball, location: 2F
2-2: Foul Ball, location: 2F
2-2: Foul Ball, location: 2F
2-2: 3-RUN HOME RUN (Flyball, 7LD, EV 103.8 MPH), Distance : 366 ft
Batting: SHB Eddie Murray 0-0: Ground out 1-3 (Groundball, P, EV 63.8 MPH)
Top of the 5th over - 3 runs, 3 hits, 0 errors, 0 left on base; Milwaukee 8 - Oakland 0
BOTTOM OF THE 5TH
Oakland Athletics batting - Pitching for Milwaukee Brewers : LHP Atlee Hammaker
Batting: LHB Reggie Jackson 0-0: Foul Ball, location: 2F
0-1: Foul Ball, location: 2F
0-2: Foul Ball, location: 2F
0-2: Strikes out swinging
Batting: LHB Ruppert Jones 0-0: Called Strike
0-1: Ball
1-1: Foul Ball, location: 2F
1-2: Ball
2-2: Ground out 6-3 (Groundball, P, EV 91.9 MPH)
Batting: RHB George Hendrick 0-0: Called Strike
0-1: Ball
1-1: Ball
2-1: SOLO HOME RUN (Flyball, 7LD, EV 98.1 MPH), Distance : 350 ft
Batting: RHB Barry Foote 0-0: Fly out, F7 (Flyball, 7, EV 88.8 MPH)
Bottom of the 5th over - 1 run, 1 hit, 0 errors, 0 left on base; Milwaukee 8 - Oakland 1
TOP OF THE 6TH
Milwaukee Brewers batting - Pitching for Oakland Athletics : LHP Gerald Tyler
Batting: LHB Denny Walling 0-0: Called Strike
0-1: Swinging Strike
0-2: Strikes out swinging, 2-3 out at first.
Batting: RHB Mike Schmidt 0-0: Called Strike
0-1: Ball
1-1: Swinging Strike
1-2: Foul Ball, location: 2F
1-2: Strikes out swinging
Batting: RHB Kevin Buckley 0-0: Called Strike
0-1: Swinging Strike
0-2: Ball
1-2: Strikes out swinging
Top of the 6th over - 0 runs, 0 hits, 0 errors, 0 left on base; Milwaukee 8 - Oakland 1
BOTTOM OF THE 6TH
Oakland Athletics batting - Pitching for Milwaukee Brewers : LHP Atlee Hammaker
Batting: RHB Willie Randolph 0-0: Ball
1-0: Ground out 4-3 (Groundball, 4, EV 82.5 MPH)
Batting: RHB Toby Harrah 0-0: Ball
1-0: Fly out, F8 (Flyball, 78XD, EV 100.0 MPH)
Batting: RHB Scott Fletcher 0-0: Ball
1-0: Ball
2-0: Called Strike
2-1: Ground out 5-3 (Groundball, 56S, EV 65.6 MPH)
Bottom of the 6th over - 0 runs, 0 hits, 0 errors, 0 left on base; Milwaukee 8 - Oakland 1
TOP OF THE 7TH
Milwaukee Brewers batting - Pitching for Oakland Athletics : LHP Gerald Tyler
Pinch Hitting: RHB Skeeter Barnes 0-0: Ball
1-0: Ball
2-0: Called Strike
2-1: Ball
3-1: Swinging Strike
3-2: Base on Balls
Batting: SHB Alfredo Griffin 0-0: Called Strike
0-1: Grounds into double play, 4-6-3 (Groundball, 34, EV 105.6 MPH)
Batting: RHB Steve Sax 0-0: Ball
1-0: Foul Ball, location: 2F
1-1: Ground out 6-3 (Groundball, 6, EV 79.4 MPH)
Top of the 7th over - 0 runs, 0 hits, 0 errors, 0 left on base; Milwaukee 8 - Oakland 1
BOTTOM OF THE 7TH
Oakland Athletics batting - Pitching for Milwaukee Brewers : LHP Atlee Hammaker
Now in CF: Skeeter Barnes
Batting: RHB Dave Henderson 0-0: Swinging Strike
0-1: Ball
1-1: Swinging Strike
1-2: Ball
2-2: Ball
3-2: Foul Ball, location: 2F
3-2: Strikes out swinging
Batting: LHB Ben Oglivie 0-0: Ball
1-0: Ground out 4-3 (Groundball, 4, EV 103.1 MPH)
Batting: LHB Reggie Jackson 0-0: Swinging Strike
0-1: Swinging Strike
0-2: Ball
1-2: Strikes out swinging
Bottom of the 7th over - 0 runs, 0 hits, 0 errors, 0 left on base; Milwaukee 8 - Oakland 1
TOP OF THE 8TH
Milwaukee Brewers batting - Pitching for Oakland Athletics : LHP Gerald Tyler
Batting: LHB Von Hayes 0-0: Ball
1-0: Foul Ball, location: 2F
1-1: Fly out, F7 (Flyball, 78M, EV 90.6 MPH)
Batting: RHB Eric Davis 0-0: Ball
1-0: SOLO HOME RUN (Flyball, 78XD, EV 103.1 MPH), Distance : 414 ft
Pinch Hitting: RHB Tim Laudner 0-0: Called Strike
0-1: Called Strike
0-2: Strikes out swinging
Batting: LHB Denny Walling 0-0: Ball
1-0: Called Strike
1-1: Ball
2-1: Ground out 5-3 (Groundball, 5, EV 84.4 MPH)
Top of the 8th over - 1 run, 1 hit, 0 errors, 0 left on base; Milwaukee 9 - Oakland 1
BOTTOM OF THE 8TH
Oakland Athletics batting - Pitching for Milwaukee Brewers : LHP Atlee Hammaker
Now at 1B: Glenn Davis
Pinch Hitting: RHB Ronald Evans 0-0: Ball
1-0: Ball
2-0: Foul Ball, location: 2F
2-1: Ground out 5-3 (Groundball, 56S, EV 72.5 MPH)
Batting: RHB George Hendrick 0-0: Called Strike
0-1: Ball
1-1: Ball
2-1: Foul Ball, location: 2F
2-2: Ground out 6-3 (Groundball, 56D, EV 91.9 MPH)
Batting: RHB Barry Foote 0-0: Ball
1-0: Fly out, F3 (Popup, 23F, EV 86.9 MPH)
Bottom of the 8th over - 0 runs, 0 hits, 0 errors, 0 left on base; Milwaukee 9 - Oakland 1
TOP OF THE 9TH
Milwaukee Brewers batting - Pitching for Oakland Athletics : LHP Gerald Tyler
Now at 1B: Fred Andrews
Batting: RHB Mike Schmidt 0-0: Ground out U3 (Groundball, 34, EV 98.1 MPH)
Batting: RHB Kevin Buckley 0-0: Swinging Strike
0-1: Ball
1-1: Ball
2-1: Fly out, F9 (Line Drive, 9, EV 91.9 MPH)
Batting: RHB Skeeter Barnes 0-0: Called Strike
0-1: Ball
1-1: Foul Ball, location: 2F
1-2: Ball
2-2: Foul Ball, location: 2F
2-2: Ball
3-2: Strikes out looking
Top of the 9th over - 0 runs, 0 hits, 0 errors, 0 left on base; Milwaukee 9 - Oakland 1
BOTTOM OF THE 9TH
Oakland Athletics batting - Pitching for Milwaukee Brewers : LHP Atlee Hammaker
Batting: RHB Willie Randolph 0-0: Called Strike
0-1: DOUBLE (Line Drive, 7LM, EV 103.1 MPH)
Pinch Hitting: LHB Tom Lombarski 0-0: Ball
1-0: Ball
2-0: Swinging Strike
2-1: Foul Ball, location: 2F
2-2: Reached on error, E4 (Groundball, 4, EV 83.8 MPH)
Willie Randolph scores
Batting: RHB Scott Fletcher 0-0: Called Strike
0-1: Ball
1-1: Foul Ball, location: 2F
1-2: SINGLE (Line Drive, 4D, EV 93.8 MPH)
Tom Lombarski to third
Batting: RHB Dave Henderson 0-0: Ball
1-0: Foul Ball, location: 2F
1-1: Ball
2-1: Fly out, F8 (Flyball, 8RS, EV 93.1 MPH)
Pitching: RHP Ron Oglesby
Batting: LHB Ben Oglivie 0-0: Ball
1-0: Foul Ball, location: 2F
1-1: Fly out, F6 (Popup, 6, EV 58.1 MPH)
Batting: LHB Reggie Jackson 0-0: Fly out, F8 (Line Drive, 8LM, EV 92.5 MPH)
Bottom of the 9th over - 1 run, 2 hits, 1 error, 2 left on base; Milwaukee 9 - Oakland 2
Monday, August 24th, 2020 - OOTP Baseball 21.5 Build 76